Map: [ESL] Moondance

Players

Lambo - Winner!

  • Race: Zerg Zerg
  • League: Master
  • Spawn Location: 12:00

Zoun

  • Race: Protoss Protoss
  • Spawn Location: 6:00

Event: HomeStory Cup XXI

VOD

Have the link to the VOD?

Description

Time

  • Played on: July 24, 2022, 12:31 p.m.
  • Length: 21:38

All games in this series

Show
View Real Time Build Order
Export as new Build Order

Lambo Zerg - Winner!

Build Orders: Hatch First 

Get SALT Encoding   

  12  0:00  Drone  
  13  0:12  Overlord  
  13  0:17  Drone  
  14  0:30  Drone x2  
  16  0:40  Drone  
  17  0:51  Hatchery  
  17  0:55  Drone  
  17  0:57  Drone  
  18  1:09  Extractor  
  17  1:14  Spawning Pool  
  17  1:15  Drone  
  17  1:20  Drone  
  18  1:28  Drone  
  20  1:40  Drone  
  20  1:56  Overlord  
  20  2:00  Queen  
  22  2:02  Queen  
  22  2:03  Drone, Zergling x2  
  26  2:10  Zergling x2  
  26  2:13  Metabolic Boost  
  26  2:14  Drone  
  28  2:21  Drone  
  29  2:24  Drone  
  30  2:35  Hatchery  
  30  2:37  Drone  
  30  2:41  Drone  
  30  2:43  Overlord  
  31  2:46  Drone  
  32  2:52  Queen  
  34  2:59  Queen  
  34  3:03  Drone  
  34  3:04  Overlord  
  37  3:07  Drone  
  37  3:10  Drone, Zergling x2  
  37  3:12  Zergling x2  
  41  3:13  Zergling x2  
  41  3:26  Drone x4  
  40  3:34  Drone x2  
  40  3:37  Drone  
  40  3:39  Drone  
  44  3:46  Queen  
  46  3:51  Drone x3  
  49  3:57  Drone  
  49  4:01  Drone x2  
  51  4:03  Drone x3  
  51  4:08  Overlord  
  51  4:09  Drone  
  55  4:12  Roach Warren  
  54  4:17  Drone x2  
  58  4:24  Overlord  
  58  4:26  Overlord, Queen  
  58  4:29  Zergling x4  
  62  4:38  Zergling x12  
  62  4:42  Overlord  
  66  4:47  Zergling x6  
  69  4:59  Roach x6  
  81  5:08  Roach  
  81  5:09  Overlord  
  81  5:10  Extractor, Drone x6  
  81  5:12  Extractor  
  87  5:18  Roach  
  87  5:20  Drone  
  90  5:21  Overlord  
  90  5:23  Overlord  
  90  5:25  Extractor, Overlord  
  90  5:26  Drone  
  90  5:32  Overlord  
  90  5:33  Drone x5  
  90  5:34  Drone  
  96  5:41  Drone  
  97  5:44  Drone x2  
  97  5:45  Lair  
  97  5:50  Evolution Chamber  
  95  6:01  Drone x6  
  95  6:03  Roach x4  
  95  6:04  Extractor  
  108  6:07  Ravager  
  108  6:09  Roach x2  
  113  6:11  Overlord  
  113  6:13  Overlord  
  113  6:15  Roach  
  115  6:19  Overlord  
  115  6:20  Overlord  
  115  6:22  Zerg Missile Weapons Level 1  
  115  6:24  Overlord  
  115  6:27  Overlord  
  115  6:30  Overlord  
  115  6:33  Drone, Extractor  
  115  6:34  Overlord  
  115  6:40  Roach x4  
  118  6:54  Drone x8  
  118  7:01  Glial Reconstitution  
  123  7:04  Drone  
  123  7:05  Baneling Nest, Ravager x2  
  125  7:08  Drone, Hatchery  
  125  7:11  Drone x2  
  125  7:13  Roach x2  
  125  7:14  Ravager  
  132  7:28  Drone x3  
  135  7:30  Drone  
  135  7:31  Roach x7  
  150  7:39  Drone x2  
  150  7:41  Evolution Chamber  
  151  7:44  Zergling x10  
  151  7:48  Ravager x3  
  151  7:50  Centrifugal Hooks  
  159  7:53  Overlord  
  159  7:57  Roach x2  
  159  7:58  Overlord  
  163  8:02  Overseer, Hatchery  
  163  8:03  Overlord  
  162  8:10  Overlord  
  162  8:11  Drone x2  
  162  8:12  Drone x4  
  160  8:16  Zerg Melee Weapons Level 1  
  160  8:19  Infestation Pit, Zergling x2  
  159  8:20  Ravager x3  
  159  8:25  Roach x4  
  170  8:30  Roach  
  170  8:31  Roach x2  
  174  8:37  Roach x4  
  179  8:44  Zergling x8  
  179  8:47  Overseer  
  183  8:50  Zergling x8  
  183  8:55  Drone x3  
  190  8:57  Extractor, Overseer  
  190  8:58  Hive  
  190  8:59  Zergling x2  
  190  9:04  Zergling x10  
  190  9:07  Baneling x8  
  190  9:08  Hatchery  
  195  9:10  Zergling x4  
  196  9:22  Drone x4  
  200  9:27  Overlord  
  200  9:30  Overlord  
  200  9:31  Overlord  
  200  9:32  Overlord  
  200  9:34  Baneling x2  
  200  9:35  Baneling x17  
  200  9:36  Overlord  
  199  9:40  Overlord  
  196  9:46  Zergling x16  
  196  9:50  Zergling x2  
  186  9:52  Zergling x2  
  186  9:53  Zergling x10  
  186  9:58  Roach x6  
  171  10:07  Roach x3  
  171  10:13  Zergling x4  
  177  10:15  Ravager  
  177  10:16  Ravager  
  177  10:18  Zergling x4  
  177  10:23  Baneling x21, Zergling x8  
  177  10:27  Roach  
  183  10:28  Baneling x5  
  183  10:29  Zergling x6  
  183  10:33  Zergling x2  
  187  10:38  Zergling x4  
  187  10:42  Zergling x10  
  194  10:46  Overlord  
  192  10:54  Roach x2  
  192  10:55  Roach x5  
  162  11:07  Viper x2  
  163  11:14  Zergling x16  
  150  11:18  Roach x3  
  150  11:22  Roach x2  
  150  11:25  Roach  
  156  11:29  Roach x2  
  156  11:31  Zerg Melee Weapons Level 2  
  156  11:32  Adrenal Glands  
  160  11:33  Zergling x4  
  160  11:35  Baneling x2  
  162  11:40  Spine Crawler  
  162  11:43  Zergling x10  
  162  11:45  Baneling x7  
  162  11:46  Overseer  
  166  11:52  Zergling x12  
  168  12:02  Zergling x8, Hatchery  
  168  12:07  Zergling x6  
  168  12:08  Zergling x8  
  166  12:16  Roach x3  
  166  12:20  Zergling x12  
  166  12:22  Baneling x8  
  171  12:28  Zergling x2  
  168  12:34  Zergling x18  
  175  12:43  Zergling x6  
  170  12:52  Zergling x12  
  166  13:03  Zergling x12  
  170  13:07  Baneling x17  
  170  13:10  Baneling x4  
  168  13:14  Baneling  
  168  13:15  Baneling x5  
  168  13:19  Zergling x6  
  170  13:23  Zergling x8  
  172  13:32  Zergling x4  
  169  13:37  Zergling x16  
  169  13:41  Zergling x2  
  160  13:52  Viper x2  
  160  13:55  Zerg Melee Weapons Level 3  
  165  13:56  Zergling x12  
  141  14:04  Roach x5  
  141  14:07  Roach x2  
  133  14:10  Roach  
  133  14:13  Roach  
  137  14:18  Roach x2  
  137  14:19  Baneling x8  
  137  14:21  Roach  
  137  14:22  Baneling x2  
  137  14:23  Ravager x3  
  147  14:24  Ravager  
  147  14:25  Zergling x2  
  147  14:30  Roach  
  147  14:31  Roach  
  150  14:41  Zergling x12  
  154  14:46  Zergling x2  
  150  14:54  Zergling x8  
  150  15:04  Zergling x12, Hatchery  
  153  15:10  Ravager  
  153  15:11  Spine Crawler  
  153  15:12  Baneling x9  
  153  15:14  Zergling x8  
  153  15:17  Ravager  
  153  15:18  Ravager x3  
  161  15:24  Zergling x6  
  163  15:29  Roach x2  
  163  15:43  Zergling x12  
  160  15:57  Roach x6  
  160  16:03  Baneling x14  
  166  16:05  Ravager, Hatchery  
  166  16:07  Ravager  
  166  16:12  Zergling x4  
  166  16:14  Baneling  
  167  16:18  Zergling x4  
  164  16:31  Zergling x4  
  164  16:32  Zergling x6  
  117  16:41  Drone, Zergling x2  
  117  16:45  Roach  
  107  16:48  Roach  
  101  16:57  Roach x2  
  101  16:58  Roach  
  99  17:07  Roach x2  
  98  17:11  Roach  
  98  17:15  Roach  
  96  17:22  Roach  
  96  17:27  Roach  
  98  17:32  Ravager x6  
  98  17:36  Zergling x4  
  106  17:38  Zergling x2  
  106  17:40  Zergling x2  
  108  17:47  Roach x3  
  108  17:49  Viper  
  116  17:54  Viper  
  119  18:03  Ravager x2  
  121  18:06  Hatchery  
  121  18:09  Roach  
  121  18:10  Ravager  
  123  18:16  Zergling x6  
  125  18:23  Zergling x8  
  125  18:25  Baneling x2  
  128  18:28  Ravager x4  
  128  18:30  Zergling x2  
  128  18:32  Baneling  
  133  18:38  Zergling x6  
  136  18:41  Zergling x4  
  136  18:46  Viper  
  140  18:48  Overseer  
  140  18:50  Zergling x2  
  140  18:55  Zergling x6  
  139  19:02  Zergling x2  
  139  19:03  Zergling x6  
  140  19:11  Viper  
  143  19:19  Zergling x6  
  145  19:28  Roach x5  
  145  19:31  Zergling x4  
  160  19:38  Zergling x8  
  159  19:53  Zergling x2  
  159  19:54  Zergling x6  
  159  19:59  Zergling x8  
  163  20:03  Hatchery  
  162  20:08  Baneling x3  
  162  20:10  Zergling x10  
  162  20:14  Baneling x5  
  165  20:15  Baneling  
  161  20:21  Zergling x2  
  161  20:22  Zergling x8  
  163  20:40  Zergling x22  
  173  20:43  Baneling x6  
  172  20:56  Zergling x14  
  152  21:00  Zergling x4  
  136  21:05  Zergling x4  
  125  21:13  Roach x5  
  125  21:17  Roach  
Show
View Real Time Build Order
Export as new Build Order

Zoun Protoss 

Build Orders: 1 Gate Expand 

Get SALT Encoding   

  12  0:00  Probe  
  13  0:12  Probe  
  14  0:19  Pylon  
  14  0:24  Probe  
  15  0:37  Probe (Chrono Boost)  
  15  0:41  Gateway  
  16  0:46  Probe (Chrono Boost)  
  16  0:49  Assimilator  
  17  0:51  Probe (Chrono Boost)  
  18  1:04  Probe  
  19  1:16  Probe  
  20  1:27  Nexus  
  20  1:35  Cybernetics Core  
  20  1:38  Probe  
  21  1:45  Assimilator  
  21  1:51  Probe  
  22  1:55  Pylon  
  22  2:03  Probe  
  23  2:10  Adept (Chrono Boost)  
  23  2:13  Warp Gate  
  23  2:15  Probe  
  26  2:21  Twilight Council  
  26  2:27  Probe  
  27  2:31  Adept (Chrono Boost)  
  29  2:39  Probe (Chrono Boost)  
  31  2:45  Probe (Chrono Boost)  
  31  2:47  Robotics Facility  
  31  2:50  Probe (Chrono Boost)  
  32  2:59  Stalker  
  32  3:01  Probe  
  32  3:02  Probe  
  36  3:10  Gateway  
  36  3:11  Resonating Glaives (Chrono Boost)  
  36  3:20  Probe  
  37  3:30  Probe  
  37  3:32  Probe  
  37  3:40  Gateway x2  
  35  3:42  Warp Prism (Chrono Boost)  
  37  3:53  Pylon  
  37  3:57  Shield Battery  
  37  4:00  Adept  
  37  4:01  Probe  
  37  4:02  Probe  
  41  4:06  Adept  
  41  4:11  Assimilator  
  41  4:14  Probe x2  
  43  4:22  Robotics Bay  
  43  4:32  Adept x2  
  43  4:34  Adept x2  
  43  4:36  Probe x2  
  53  4:40  Pylon  
  53  4:59  Probe x2  
  55  5:03  Adept x2  
  55  5:04  Nexus  
  55  5:06  Observer, Pylon, Adept  
  62  5:17  Pylon  
  62  5:24  Probe x2  
  62  5:25  Gravitic Drive  
  62  5:26  Disruptor  
  62  5:28  Assimilator  
  67  5:36  Adept, Probe  
  67  5:37  Pylon, Adept  
  67  5:38  Probe  
  73  5:44  Observer  
  73  5:47  Stalker  
  75  5:50  Probe x2  
  77  6:02  Disruptor, Probe  
  81  6:05  Observer  
  81  6:06  Blink (Chrono Boost)  
  81  6:23  Probe x2  
  83  6:29  Probe  
  83  6:32  Gateway  
  84  6:33  Gateway  
  84  6:35  Probe x2, Gateway  
  84  6:36  Gateway  
  86  6:40  Disruptor  
  89  6:49  Probe  
  88  6:57  Observer  
  88  6:59  Stalker x4  
  96  7:03  Pylon  
  96  7:05  Pylon  
  96  7:10  Probe x2  
  96  7:12  Assimilator  
  96  7:13  Pylon x2  
  96  7:15  Disruptor, Forge  
  98  7:22  Stalker x3  
  103  7:23  Stalker  
  109  7:30  Observer  
  109  7:38  Stalker x4, Protoss Ground Weapons Level 1  
  117  7:48  Probe x3  
  120  8:03  Stalker  
  120  8:04  Stalker x3  
  128  8:17  Probe x3  
  131  8:24  Pylon  
  131  8:25  Nexus  
  131  8:31  Adept  
  132  8:39  Stalker x2  
  132  8:43  Photon Cannon, Pylon  
  132  8:44  Pylon  
  132  8:57  Stalker x4  
  140  9:05  Charge  
  140  9:06  Probe x2  
  140  9:07  Immortal  
  140  9:09  Probe  
  147  9:18  Sentry x2, Probe  
  147  9:19  Probe  
  147  9:21  Probe  
  154  9:25  Shield Battery  
  154  9:28  Photon Cannon  
  154  9:30  Probe  
  155  9:37  Gateway  
  153  9:38  Stalker x4, Templar Archives  
  153  9:39  Stalker x2  
  153  9:42  Adept  
  153  9:45  Shield Battery  
  161  9:52  Zealot  
  151  9:58  Probe  
  130  10:02  Disruptor, Protoss Ground Weapons Level 2  
  119  10:10  Probe x3  
  120  10:17  Cybernetics Core  
  120  10:18  Gateway  
  120  10:21  Zealot x4  
  128  10:22  Probe  
  128  10:24  High Templar x2  
  133  10:31  Archon  
  133  10:38  Pylon  
  133  10:39  Zealot  
  135  10:43  Pylon, Assimilator  
  135  10:44  Observer  
  135  10:46  Assimilator  
  136  10:55  Stalker x2  
  126  11:02  Stalker x4  
  126  11:03  Stalker x3  
  115  11:16  Observer, Disruptor (Chrono Boost)  
  109  11:33  Nexus, Stalker x3  
  109  11:34  Stalker x2  
  109  11:39  Zealot x2  
  123  11:40  Zealot  
  123  11:43  Disruptor (Chrono Boost)  
  128  11:49  Probe x3  
  131  11:56  Zealot x3  
  131  12:00  Observer  
  137  12:03  Adept x2  
  137  12:05  Zealot  
  129  12:20  Pylon  
  121  12:23  High Templar  
  121  12:24  High Templar x3  
  121  12:25  Probe  
  130  12:36  Disruptor  
  130  12:38  Zealot x4  
  137  12:44  Archon x2  
  121  12:59  High Templar x2, Zealot  
  121  13:00  Zealot x4  
  121  13:05  Archon  
  133  13:08  Shield Battery  
  133  13:09  Probe x2  
  133  13:12  Disruptor, Protoss Ground Weapons Level 3  
  136  13:27  Zealot x3  
  136  13:28  Zealot x2  
  134  13:52  Nexus, Pylon  
  130  13:56  Observer, Probe x3  
  122  14:09  Disruptor  
  111  14:13  Zealot x4  
  119  14:21  High Templar x5  
  123  14:45  Zealot x4  
  125  14:48  Probe x3  
  125  14:49  Archon, Shield Battery  
  125  14:50  Archon  
  111  15:03  Zealot x4  
  111  15:05  High Templar  
  121  15:13  Archon  
  119  15:33  Zealot x5  
  124  15:38  High Templar x4  
  126  15:45  Disruptor (Chrono Boost)  
  127  15:52  Archon x2  
  121  15:57  Zealot x3  
  121  15:58  Zealot  
  129  16:15  Observer (Chrono Boost)  
  129  16:17  Nexus  
  130  16:19  High Templar x2  
  130  16:20  Stalker x2  
  130  16:24  Archon  
  132  16:28  Stalker x3  
  130  16:35  Stalker x2  
  83  16:50  Zealot x2  
  83  16:52  Zealot x2  
  73  17:02  Zealot x2  
  69  17:17  Pylon  
  69  17:19  Disruptor (Chrono Boost)  
  72  17:29  High Templar x2  
  76  17:31  Observer  
  76  17:33  Archon  
  76  17:37  Stalker, Shield Battery  
  78  17:51  Zealot  
  80  17:52  Disruptor (Chrono Boost)  
  80  17:57  Zealot x2  
  87  18:06  Stalker x2  
  87  18:11  Observer  
  91  18:17  Zealot  
  93  18:25  Nexus  
  93  18:29  Observer, Pylon  
  93  18:34  Disruptor (Chrono Boost)  
  96  18:43  Sentry  
  96  18:45  Zealot x2  
  100  18:49  Shield Battery  
  100  19:02  Zealot x4  
  101  19:16  Stalker x2  
  105  19:26  Stalker x2  
  105  19:41  Stalker x2  
  105  19:43  Zealot x2  
  107  19:48  Observer (Chrono Boost)  
  108  20:01  Zealot x5  
  108  20:05  Assimilator x2  
  118  20:15  Zealot x4  
  124  20:29  Zealot x2  
  124  20:35  Disruptor  
  131  20:39  Zealot x3  
  122  20:58  Zealot x3  
  122  20:59  Zealot x3  
  95  21:05  Zealot x2  
  86  21:13  Zealot  
  61  21:21  Zealot x2  
  61  21:22  Zealot x2  
Tags
 
Add a new tag
Caveats
  • Supply blocks, unpowered buildings, or Contaminate may cause inaccurate times.
  • Supply counts are checked every 10 seconds.